 Dungeon Crawl Stone Soup version 0.30-a0-122-g2a1322497e (webtiles) character file.

Game seed: 9743715213129583876

5190 Dreamer the Basher (level 10, -3/73 (80) HPs)
             Began as a Formicid Berserker on Sept 17, 2022.
             Was an Elder of Trog.
             Succumbed to a death drake's dark miasma
             ... on level 8 of the Dungeon.
             The game lasted 00:28:47 (10621 turns).

Dreamer the Basher (Formicid Berserker)            Turns: 10621, Time: 00:28:48

HP:   -3/73 (80)    AC: 12    Str: 25    XL:     10   Next: 91%
MP:   10/10         EV: 14    Int:  8    God:    Trog [****..]
Gold: 372           SH:  0    Dex: 13    Spells: 9/9 levels left

rFire   . . .      SeeInvis +    e - +3 dire flail (freeze)
rCold   . . .      Faith    .    (no shield)
rNeg    + . .      Spirit   .    u - +2 scale mail {Will+}
rPois   .          Reflect  .    (helmet unavailable)
rElec   .          Harm     .    A - +2 cloak
rCorr   .          Rampage  .    r - +0 pair of gloves
Will    ++...                    (no boots)
Stlth   ..........               (no amulet)
HPRegen 0.22/turn                C - +4 ring of evasion
MPRegen 0.12/turn                s - ring of positive energy

@: lethally poisoned (-3 -> -64), drained
A: permanent stasis, dig shafts and tunnels, antennae 3, four strong arms
a: Dig, Shaft Self, Renounce Religion, Trog's Hand, Brothers in Arms


You were on level 8 of the Dungeon.
You worshipped Trog.
Trog was greatly pleased with you.
You visited 1 branch of the dungeon, and saw 8 of its levels.

You collected 386 gold pieces.
You spent 14 gold pieces at shops.

Inventory:

Hand Weapons
 e - a +3 dire flail of freezing (weapon)
 K - a +0 giant spiked club
Missiles
 j - 9 stones (quivered)
 n - 14 javelins
 z - 15 poisoned darts
Armour
 r - a +0 pair of gloves (worn)
 u - a +2 scale mail of willpower (worn)
 A - a +2 cloak (worn)
 B - a +0 kite shield
 J - an orb of mayhem
Jewellery
 a - a ring of resist corrosion
 s - a ring of positive energy (right hand)
 C - a +4 ring of evasion (left hand)
Wands
 y - a wand of mindburst (15)
 E - a wand of iceblast (1)
Scrolls
 b - 3 scrolls of fog {unknown}
 g - 3 scrolls of enchant weapon {unknown}
 l - 5 scrolls of teleportation {unknown}
 o - 2 scrolls of enchant armour {unknown}
 p - a scroll of brand weapon {unknown}
 q - 2 scrolls of magic mapping {unknown}
 v - 4 scrolls of blinking {unknown}
 w - 3 scrolls of vulnerability {unknown}
 x - 4 scrolls of fear {unknown}
 D - a scroll of acquirement {unknown}
 H - a scroll of immolation {unknown}
Potions
 c - a potion of cancellation
 f - a potion of lignification
 h - 2 potions of heal wounds
 i - a potion of resistance {unknown}
 k - a potion of curing
 m - a potion of brilliance {unknown}
 G - a potion of berserk rage {unknown}
 I - 2 potions of might


   Skills:
 + Level 8.3 Fighting
 * Level 10.3 Maces & Flails
 * Level 9.7 Throwing
 - Level 2.1 Armour
 - Level 1.7 Dodging


You had 9 spell levels left.
You didn't know any spells.
Your spell library was empty.

Dungeon Overview and Level Annotations

Branches:
Dungeon (8/15)             Temple (0/1) D:5
   Lair: D:8-11

Altars:
Cheibriados
Gozag
Okawaru
Qazlal
Xom
Yredelemnul

Shops:
D:4 (

Annotations:
D:7 2 transporters, bilboFlagons's ghost, amateur DrFE
D:8 exclusion: door


Innate Abilities, Weirdness & Mutations

You cannot be hasted, slowed, berserked, paralysed or teleported.
You can dig through walls and to a lower floor.
You have a pair of large antennae on your head. (SInv)
Your four strong arms can wield two-handed weapons with a shield.


Message History

You see here a killer bee corpse.
Press: ? - help, . - travel You can't see that place. [a closed door.] Placed new exclusion.
Reduced exclusion size to a single square.
You see here a +0 mace.
A death drake comes into view.
The death drake breathes miasma at you. The foul vapour misses you.
You are engulfed in dark miasma.
You are poisoned.
Your stasis prevents you from being slowed.
You feel very sick.
You are engulfed in dark miasma.
You are more poisoned.
You feel extremely sick.
You feel extremely sick.
You feel very sick.
You feel better. The death drake bites you!
The death drake attacks as you move away!
The death drake bites you!
* * * LOW HITPOINT WARNING * * *
The death drake attacks as you move away!
The death drake barely misses you. The death drake breathes miasma at you.
The foul vapour engulfs you!
You are poisoned.
Your stasis prevents you from being slowed.
* * * LOW HITPOINT WARNING * * *
You feel much better.
You are engulfed in dark miasma.
You are lethally poisoned!
Your stasis prevents you from being slowed.
* * * LOW HITPOINT WARNING * * *
You feel extremely sick. The death drake closely misses you.
You fail to use your ability.
You are engulfed in dark miasma.
You are more poisoned.
* * * LOW HITPOINT WARNING * * *
You die...

###.........#♣.♣♣
#.♣♣♣. #.........#♣♣.♣
#.....
#.........############
#.....................
#...........####.#...#
### #.###...#####
#.....# #.# ####°°..#
#...... #.## ##°k°##
#.####. ...## #°°@##
#.## # ....## ##°°°#
..# # .....### ##..###
.# .......# ##..## #
.......####..## #
.......##...## #.
...........## #..
.........### ..##
.###..#### ###


You could see a death drake.

Vanquished Creatures
  An ugly thing (D:8)
  Maurice (D:7)
  Prince Ribbit (D:7)
  A wraith (D:8)
  A wyvern (D:8)
  Menkaure (D:7)
  2 steam dragons
  3 sky beasts
  3 black bears
  4 orc warriors
  2 ice beasts
  2 ogres
  A centaur (D:8)
  A phantom (D:6)
  A kobold brigand (D:7)
  3 bullfrogs
  4 necrophages
  6 scorpions
  7 wights (D:8)
  4 killer bees
  A howler monkey (D:7)
  5 hounds
  A jelly (D:7)
  3 orc priests
  2 gnoll boudas (D:8)
  Crazy Yiuf (D:7)
  7 orc wizards
  Terence (D:3)
  2 iguanas (D:5)
  5 adders
  A white imp (D:6)
  An ufetubus (D:6)
  2 worms
  3 dart slugs
  19 orcs
  6 bats
  7 endoplasms
  4 giant cockroaches
  4 goblins
  10 hobgoblins
  6 jackals
  2 quokkas (D:3)
  7 ball pythons
  4 frilled lizards
  15 kobolds
  8 rats
176 creatures vanquished.

Vanquished Creatures (others)
  3 fungi (D:8)
  7 plants
10 creatures vanquished.

Grand Total: 186 creatures vanquished

Notes
Turn   | Place    | Note
-------+----------+-------------------------------------------
     0 | D:1      | Dreamer the Formicid Berserker began the quest for the Orb.
     0 | D:1      | Reached XP level 1. HP: 18/18 MP: 1/1
   257 | D:1      | Reached XP level 2. HP: 17/24 MP: 2/2
   298 | D:1      | Reached skill level 1 in Throwing
   619 | D:1      | Reached XP level 3. HP: 23/29 MP: 3/3
   913 | D:1      | Reached ** piety under Trog
  1459 | D:2      | Reached XP level 4. HP: 33/37 MP: 4/4
  1909 | D:2      | Found a faded altar of an unknown god.
  2352 | D:3      | Noticed Terence
  2376 | D:3      | Killed Terence
  2377 | D:3      | Reached skill level 4 in Maces & Flails
  2377 | D:3      | Reached XP level 5. HP: 22/42 MP: 5/5
  3107 | D:4      | Reached XP level 6. HP: 48/48 MP: 6/6
  3216 | D:4      | Reached *** piety under Trog
  3254 | D:4      | Found Weenor's Weapon Shoppe.
  3262 | D:4      | Bought 3 poisoned darts for 14 gold pieces
  3290 | D:4      | Reached skill level 5 in Maces & Flails
  3540 | D:4      | Reached XP level 7. HP: 52/55 MP: 7/7
  3719 | D:4      | Found a stormy altar of Qazlal.
  3988 | D:5      | Entered Level 5 of the Dungeon
  4147 | D:5      | You fall into a shaft and drop 3 floors!
  4284 | D:8      | HP: 1/55 [poisoned by an orc priest]
  4284 | D:8      | Noticed a wyvern
  4296 | D:8      | Killed a wyvern
  4297 | D:8      | Reached skill level 5 in Fighting
  4370 | D:8      | Reached skill level 6 in Maces & Flails
  4373 | D:8      | Reached XP level 8. HP: 31/62 MP: 8/8
  4557 | D:7      | Found a shimmering altar of Xom.
  4575 | D:7      | Found a snail-covered altar of Cheibriados.
  4606 | D:7      | Reached skill level 5 in Throwing
  4634 | D:7      | Noticed Menkaure
  4651 | D:7      | Killed Menkaure
  4861 | D:7      | Noticed Prince Ribbit
  4900 | D:7      | Killed Prince Ribbit
  5255 | D:7      | Found an opulent altar of Gozag.
  5381 | D:7      | Reached skill level 7 in Maces & Flails
  5731 | D:7      | Reached XP level 9. HP: 47/69 MP: 9/9
  6068 | D:5      | Reached skill level 8 in Maces & Flails
  6404 | D:5      | Found a staircase to the Ecumenical Temple.
  7650 | D:6      | Found a basalt altar of Yredelemnul.
  7656 | D:6      | Found an iron altar of Okawaru.
  7671 | D:6      | Reached XP level 10. HP: 79/79 MP: 10/10
  7906 | D:7      | Reached **** piety under Trog
  7982 | D:7      | Found a transporter.
  7986 | D:7      | Found a transporter.
  8030 | D:7      | Noticed bilboFlagons's ghost (amateur DrFE)
  8050 | D:7      | Reached skill level 9 in Maces & Flails
  8915 | D:7      | Found a runed translucent door.
  8916 | D:7      | Noticed Crazy Yiuf
  8928 | D:7      | Killed Crazy Yiuf
  9330 | D:8      | Noticed a purple ugly thing
  9343 | D:8      | Killed a purple ugly thing
  9352 | D:8      | Noticed a salamander
  9540 | D:8      | Noticed Maurice
  9720 | D:7      | Killed Maurice
  9721 | D:7      | Reached skill level 10 in Maces & Flails
 10609 | D:8      | Noticed a death drake
 10621 | D:8      | Succumbed to a death drake's dark miasma

Illustrated notes

Levels and vault maps discovered:
D:1:      spicycebolla_green_bress_n_ham, layout_rooms,
          minmay_misc_feat_nine_boxes
D:2:      layout_basic, shapermc_ecumenical_altar_petra,
          nicolae_concentric_dashed_squares_mild, chequers_big_river,
          grunt_ministairs_13, minmay_split_cup_small
D:3:      layout_loops_ring, uniq_terence
D:4:      layout_cave_pods, lemuel_round_altar, serial_shops,
          nicolae_shop_waterfront
D:5:      layout_basic, minmay_temple_entry_mist, nicolae_fountain_basement
D:6:      layout_rooms, nicolae_overflow_hidden_temple
D:7:      layout_basic, mainiacjoe_overflow_concentric_impassable,
          mainiacjoe_overflow_catwalk_spiral, gammafunk_ghost_hive,
          uniq_crazy_yiuf_cottage, uniq_menkaure, uniq_prince_ribbit1
D:8:      nzn_winding_woodlands_small [nzn_winding_woodlands_5x15_zeroes,
          nzn_winding_woodlands_center_lodge,
          nzn_winding_woodlands_5x15_sawtooth], layout_layer_cave,
          david_lair_generic, minmay_misc_feat_ornament, uniq_maurice

Skill      XL: |  1  2  3  4  5  6  7  8  9 10 |
---------------+-------------------------------+-----
Throwing       | 1 2 3 4 6 8 9 |  9.7
Maces & Flails | 4 5 6 7 8 10 | 10.3
Fighting       | 4 5 6 7 8 |  8.3
Armour         | |  2.1
Dodging        | |  1.7

Action                   |  1- 3 |  4- 6 |  7- 9 | 10-12 || total
-------------------------+-------+-------+-------+-------++-------
Melee: Mace              |   115 |   170 |   388 |   210 ||   883
       Punch             |     1 |       |     4 |     3 ||     8
       Dire flail        |       |       |       |    23 ||    23
Throw: Stone             |     1 |     3 |    49 |     9 ||    62
       Javelin           |       |     1 |     2 |       ||     3
Invok: Trog's Hand       |       |       |     2 |       ||     2
 Abil: Dig               |       |       |       |     2 ||     2
  Use: Potion            |       |       |     2 |     2 ||     4
       Scroll            |       |       |       |     5 ||     5
Armor: Animal skin       |    12 |       |       |       ||    12
       Scale mail        |    21 |    84 |   216 |    83 ||   404
Dodge: Dodged            |    77 |    94 |   226 |   119 ||   516

Table legend: (Time is in decaauts)
 A = Elapsed time spent in this place.
 B = Non-inter-level travel time spent in this place.
 C = Inter-level travel time spent in this place.
 D = Time resting spent in this place.
 E = Time spent auto-exploring this place.
 F = Levels seen in this place.
 G = Mean time per level.
                   A        B        C        D        E       F      G
               +--------+--------+--------+--------+--------+-----+--------+
         Total |  10673 |  10424 |    249 |   3327 |   4445 |   8 | 1334.1 |
       Dungeon |  10673 |  10424 |    249 |   3327 |   4445 |   8 | 1334.1 |
               +--------+--------+--------+--------+--------+-----+--------+

Top non-repeatable levels by time:
     D:7: 3055 daAuts
     D:8: 1361 daAuts
     D:2: 1236 daAuts
     D:5: 1222 daAuts
     D:1: 991 daAuts
     D:6: 972 daAuts
     D:3: 930 daAuts
     D:4: 902 daAuts
